 Dungeon Crawl Stone Soup version 0.32-a0-898-g7811c86cf0 (webtiles) character file.

Game seed: 12460809403338892993

1335 BubbleThief the Covert (level 8, -1/57 HPs)
             Began as a Vampire Enchanter on Apr 4, 2024.
             Slain by a river rat (6 damage)
             ... on level 5 of the Dungeon.
             The game lasted 00:10:32 (4610 turns).

BubbleThief the Covert (Vampire Enchanter)          Turns: 4610, Time: 00:10:32

Health: -1/57      AC:  4    Str:  7    XL:     8   Next: 35%
Magic:  11/11      EV: 12    Int: 22    God:
Gold:   267        SH:  0    Dex: 16    Spells: 3/11 levels left

rFire   + . .        u - +0 dagger (venom)
rCold   + . .        (no shield)
rNeg    . . .        y - +1 leather armour of Resourcefulness {rElec Int+4}
rPois   .            (no helmet)
rElec   +            w - scarf {rC+ rF+}
rCorr   .            (no gloves)
SInv    +            (no boots)
Will    .....        (no amulet)
Stlth   ++++         (no ring)
HPRegen 0.49/turn    (no ring)
MPRegen 0.12/turn

%: no passive effects
@: healing quickly
A: alive, fangs 3, see invisible, vampiric 2
a: Exsanguinate


You were on level 5 of the Dungeon.
You visited 2 branches of the dungeon, and saw 6 of its levels.

You collected 267 gold pieces.

Inventory:

Hand Weapons
 a - a +1 dagger
 u - a +0 dagger of venom (weapon)
Missiles
 A - a throwing net (quivered)
Armour
 h - a +3 leather armour
 p - a scarf of repulsion
 w - a scarf of resistance (worn)
 y - the +1 leather armour of Resourcefulness (worn) {rElec Int+4}
   (You took it off an orc wizard on level 4 of the Dungeon)

   Int+4:     It affects your intelligence (+4).
   rElec:     It insulates you from electricity.
Wands
 B - a wand of flame (19)
Scrolls
 d - a scroll of identify
 f - 2 scrolls of poison {unknown}
 g - 2 scrolls of butterflies {unknown}
 j - 2 scrolls of fog {unknown}
 m - a scroll of immolation {unknown}
 n - 2 scrolls of teleportation {unknown}
 o - a scroll of enchant armour {unknown}
 q - 2 scrolls of revelation {unknown}
 r - a scroll of fear {unknown}
 s - a scroll of silence {unknown}
 x - 3 scrolls of amnesia
 z - 2 scrolls of enchant weapon
 D - a scroll of vulnerability
Potions
 c - 3 potions of invisibility
 e - a potion of cancellation
 k - 2 potions of might
 l - 3 potions of attraction
 t - 3 potions of haste


   Skills:
 + Level 2.7 Fighting
 + Level 5.0 Short Blades
 + Level 4.1 Dodging
 + Level 9.7 Stealth
 - Level 2.0 Spellcasting
 + Level 9.1 Hexes


You had 3 spell levels left.
You knew the following spells:

 Your Spells              Type           Power      Damage    Failure   Level
a - Ensorcelled Hibernat  Hex/Ice        44%        N/A       4%          2
b - Confusing Touch       Hex            42%        N/A       1%          3
c - Tukima's Dance        Hex            42%        N/A       1%          3

Your spell library contained the following spells:

 Spells                   Type           Power      Damage    Failure   Level
 Sigil of Binding         Hex            42%        N/A       1%          3
 Dazzling Flash           Conj/Hex       44%        N/A       10%         3
 Shock                    Conj/Air       8%         1d3       21%         1
 Hailstorm                Conj/Ice       2%         3d5       52%         3
 Summon Ice Beast         Ice/Summ       2%         N/A       52%         3
 Swiftness                Air            2%         N/A       52%         3
 Airstrike                Air            1%         2d(1-17)  90%         4
 Death Channel            Necr           1%         N/A       100%        6
 Permafrost Eruption      Ice/Erth       1%         2x4d1     100%        6
 Sculpt Simulacrum        Ice/Alch       1%         N/A       100%        6


Dungeon Overview and Level Annotations

Branches:
Dungeon (5/15)             Temple (1/1) D:4

Altars:
Ashenzari
Cheibriados
Fedhas
Gozag
Hepliaklqana
Makhleb
Okawaru
Qazlal
Ru
Sif Muna
Trog
Uskayaw
Vehumet
Wu Jian
Yredelemnul


Innate Abilities, Weirdness & Mutations

Your natural rate of healing is accelerated.
You have razor-sharp teeth.
You have supernaturally acute eyesight. (SInv)
You are afflicted with vampirism and can become a bat while bloodless.


Message History

You are too injured to fight recklessly!
You are too injured to fight recklessly!
You are too injured to fight recklessly!
You hit the scorpion.
The scorpion is heavily wounded.
You feel very sick. The scorpion stings you.
You completely miss the scorpion.
The scorpion is heavily wounded.
You feel very sick.
You hit the scorpion but do no damage.
The scorpion looks as sick as possible!
The scorpion is heavily wounded.
You feel sick. The scorpion stings you.
* * * LOW HITPOINT WARNING * * *
Unknown command.
You hit the scorpion.
You kill the scorpion!
You feel sick.
Your Short Blades skill increases to level 5!
Unknown command.
You hit the rat.
The rat is poisoned.
The rat is severely wounded.
You feel sick.
You kill the rat!
Unknown command.
You hit the river rat but do no damage.
The river rat is poisoned.
Your bite misses the river rat.
You feel sick. The river rat barely misses you.
You barely miss the river rat.
You feel sick.
You hit the river rat.
The river rat looks as sick as possible!
The river rat is moderately wounded.
You feel sick. The river rat bites you!
* * * LOW HITPOINT WARNING * * *
You feel better. The river rat bites you!
* * * LOW HITPOINT WARNING * * *
Unknown command.
You closely miss the river rat.
The river rat is almost dead.
The river rat bites you.
You die... r

. ####. #r .##.#.. ## #r##..#.#
#. #.#r..# #. #....# ## # #†#
## #.#.# #. #.r## #. ###@# #.
##.# #. ##.## #. ##.#.# #.
#.#.## #. ##.## #.
############.## #### #####
#..##.........### #.....#....
#...............####..##..##...


You could see a river rat (extremely poisoned) and a quokka.

Vanquished Creatures
  Sigmund (D:2)
  A black bear (D:5)
  An ice beast (D:5)
  A phantom (D:5)
  A scorpion (D:5)
  A bombardier beetle (D:4)
  4 hounds
  3 jellies (D:5)
  2 orc priests (D:4)
  Jessica (D:2)
  2 iguanas
  Natasha (D:4)
  2 orc wizards (D:4)
  3 gnolls (D:5)
  7 adders
  6 river rats (D:5)
  A white imp (D:5)
  An ufetubus (D:3)
  A ribbon worm (D:3)
  5 dart slugs
  20 orcs
  8 endoplasms
  A giant cockroach (D:2)
  3 goblins
  7 hobgoblins
  3 jackals (D:2)
  3 quokkas
  7 ball pythons
  4 bats
  5 frilled lizards
  9 kobolds
  15 rats
130 creatures vanquished.

Vanquished Creatures (collateral kills)
  Blork the orc (D:5)
  7 gnolls (D:5)
8 creatures vanquished.

Grand Total: 138 creatures vanquished

Notes
Turn   | Place    | Note
-------+----------+-------------------------------------------
     0 | D:1      | BubbleThief the Vampire Enchanter began the quest for the
                  | Orb.
     0 | D:1      | Reached XP level 1. HP: 13/13 MP: 3/3
   380 | D:1      | Reached XP level 2. HP: 13/19 MP: 5/5
   383 | D:1      | Learned a level 2 spell: Ensorcelled Hibernation
   446 | D:1      | Reached skill level 5 in Stealth
   852 | D:2      | Reached skill level 5 in Hexes
   887 | D:2      | Gained mutation: You are afflicted with vampirism and can
                  | become a bat while bloodless. [Vampire growth]
   887 | D:2      | Reached XP level 3. HP: 20/24 MP: 6/6
   891 | D:2      | Learned a level 3 spell: Confusing Touch
  1233 | D:2      | Noticed Jessica
  1236 | D:2      | Killed Jessica
  1237 | D:2      | Reached XP level 4. HP: 30/30 MP: 4/7
  1789 | D:2      | Noticed Sigmund
  1798 | D:2      | Killed Sigmund
  1799 | D:2      | Reached XP level 5. HP: 35/35 MP: 1/8
  1799 | D:2      | Reached XP level 6. HP: 41/41 MP: 1/9
  3072 | D:5      | Entered Level 5 of the Dungeon
  3215 | D:4      | Reached XP level 7. HP: 47/47 MP: 10/10
  3300 | D:4      | Reached skill level 1 in Fighting
  3497 | D:4      | Noticed Natasha
  3504 | D:4      | Killed Natasha
  3638 | D:4      | Identified the +1 leather armour of Resourcefulness {rElec
                  | Int+4}
  3669 | D:4      | Found a staircase to the Ecumenical Temple.
  3678 | Temple   | Entered the Ecumenical Temple
  3779 | D:5      | Learned a level 3 spell: Tukima's Dance
  3881 | D:5      | Found a burning altar of Makhleb.
  3989 | D:5      | Reached XP level 8. HP: 45/56 MP: 4/11
  4146 | D:5      | Noticed Blork the orc
  4155 | D:5      | Killed Blork the orc
  4325 | D:5      | Found a sacrificial altar of Ru.
  4405 | D:5      | Found a bloodstained altar of Trog.
  4605 | D:5      | Reached skill level 5 in Short Blades
  4610 | D:5      | Slain by a river rat

Illustrated notes

Levels and vault maps discovered:
D:1:      reono_arrival_forest_river, layout_basic
D:2:      layout_basic, uniq_crazy_yiuf_cottage, uniq_jessica, uniq_sigmund
D:3:      layout_loops_corners, old_standard_altar, serial_rivers,
          chequers_serial_rivers_room_b, chequers_serial_rivers_large_a,
          chequers_serial_rivers_micro_c, chequers_serial_rivers_marsh,
          minmay_vboxes
D:4:      layout_basic, minmay_temple_entry_fiery, nicolae_underground_beach,
          uniq_natasha
D:5:      lemuel_ratsnest, layout_cave_pools, bloody_makhleb,
          mainiacjoe_overflow_chevrons, marbit_many_paths, lemuel_crystal_altar,
          uniq_blork_the_orc
Temple:   dshaligram_water_room_temple

Skill      XL: |  1  2  3  4  5  6  7  8 |
---------------+-------------------------+-----
Stealth        | 5 6 7 8 9 |  9.7
Hexes          | 5 7 8 9 |  9.1
Short Blades   | 2 3 4 5 |  5.0
Fighting       | 2 |  2.7
Dodging        | 3 4 |  4.1
Spellcasting   | |  2.0

Action                     |  1- 3 |  4- 6 |  7- 9 || total
---------------------------+-------+-------+-------++-------
  Melee: Dagger            |    92 |   193 |   180 ||   465
         Bite              |     6 |    26 |    26 ||    58
  Throw: Throwing net      |       |       |     1 ||     1
   Cast: Ensorcelled Hiber |     1 |     9 |    11 ||    21
         Confusing Touch   |       |     1 |     3 ||     4
         Tukima's Dance    |       |       |     7 ||     7
    Use: Scroll            |       |       |     8 ||     8
         Potion            |       |       |     2 ||     2
   Stab: Sleeping          |     4 |    16 |    14 ||    34
         Confused          |       |     1 |     2 ||     3
         Distracted        |       |       |     1 ||     1
 Armour: Robe              |     9 |       |       ||     9
         Leather armour    |    35 |   106 |    95 ||   236
  Dodge: Dodged            |    53 |    81 |    81 ||   215
         Repelled          |       |     1 |       ||     1

Table legend: (Time is in decaauts)
 A = Elapsed time spent in this place.
 B = Non-inter-level travel time spent in this place.
 C = Inter-level travel time spent in this place.
 D = Time resting spent in this place.
 E = Time spent auto-exploring this place.
 F = Levels seen in this place.
 G = Mean time per level.
                   A        B        C        D        E       F      G
               +--------+--------+--------+--------+--------+-----+--------+
         Total |   4560 |   4469 |     91 |    139 |   3246 |   6 |  760.0 |
       Dungeon |   4559 |   4468 |     91 |    139 |   3246 |   5 |  911.8 |
        Temple |      1 |      1 |      0 |      0 |      0 |   1 |    1.0 |
               +--------+--------+--------+--------+--------+-----+--------+

Top non-repeatable levels by time:
     D:2: 1088 daAuts
     D:3: 1051 daAuts
     D:5: 930 daAuts
     D:1: 833 daAuts
     D:4: 655 daAuts
  Temple: 1 daAuts
